 Dungeon Crawl Stone Soup version 0.25.0-9-g26727b657a (webtiles) character file.

Game seed: 3586824806401653303

72517 Abmis123 the Lord of Darkness (level 15, -15/98 HPs)
             Began as a Tengu Ice Elementalist on June 16, 2020.
             Was the Champion of Kikubaaqudgha.
             Killed from afar by Azrael (43 damage)
             ... with a bolt of fire
             ... on level 13 of the Dungeon.
             The game lasted 03:56:18 (35090 turns).

Abmis123 the Lord of Darkness (TeIE)               Turns: 35090, Time: 03:56:19

Health: -15/98     AC: 25    Str: 13    XL:     15   Next: 40%
Magic:  22/36      EV: 14    Int: 24    God:    Kikubaaqudgha [******]
Gold:   1523       SH: 12    Dex: 17    Spells: 7/28 levels left

rFire    . . .     SeeInvis .   a - +3 mace "Oshrosm" {venom, Dex+3}
rCold    . . .     Gourm    .   v - +0 kite shield
rNeg     . . .     Faith    +   u - +10 scale mail of Hangman {Int+6}
rPois    .         Spirit   .   (helmet restricted)
rElec    .         Reflect  .   f - +0 cloak
rCorr    .         Harm     .   Y - +2 pair of gloves
MR       +....                  (boots unavailable)
Stlth    +.........             x - amulet of faith
HPRegen  0.26/turn              t - ring of magical power
MPRegen  0.25/turn              m - +4 ring of protection

@: liquid flames, death channel, flying quickly and evasively, glowing, quick
A: beak, talons 3, able to fly
a: Stop Flying, Receive Corpses, Torment, Brand Weapon With Pain, Receive
Necronomicon, Renounce Religion


You were on level 13 of the Dungeon.
You worshipped Kikubaaqudgha.
Kikubaaqudgha was exalted by your worship.
You were not hungry.

You visited 4 branches of the dungeon, and saw 22 of its levels.
You also visited: Ice Cave.

You collected 1588 gold pieces.
You spent 65 gold pieces at shops.

Inventory:

Hand Weapons
 a - the +3 mace "Oshrosm" (weapon) {venom, Dex+3}
   (You found it in an ice cave)

   It poisons the flesh of those it strikes.
   It affects your dexterity (+3).
 b - a +4 hunting sling
 p - a +3 great mace of protection
Missiles
 d - 9 curare-tipped darts (quivered)
 g - 5 boomerangs of dispersal
 n - 66 sling bullets
 J - 2 throwing nets
 M - 42 poisoned darts
Armour
 f - a +0 cloak (worn)
 i - +0 swamp dragon scales
 u - the +10 scale mail of Hangman (worn) {Int+6}
   (You found it on level 10 of the Dungeon)

   It affects your intelligence (+6).
 v - a +0 kite shield (worn)
 Y - a +2 pair of gloves (worn)
Magical Staves
 G - an uncursed staff of air
Jewellery
 j - an uncursed ring of see invisible
 l - an uncursed ring of ice
 m - a +4 ring of protection (right hand)
 t - a ring of magical power (left hand)
 x - an amulet of faith (around neck)
 U - an uncursed ring of protection from cold
Wands
 E - a wand of disintegration (4)
 F - a wand of digging (5)
 K - a wand of acid (6)
 Q - a wand of polymorph (10)
 T - a wand of flame (12)
 W - a wand of paralysis (3)
Scrolls
 h - 5 scrolls of enchant weapon
 q - 5 scrolls of fear
 s - a scroll of vulnerability {unknown}
 y - 7 scrolls of identify
 z - 3 scrolls of teleportation
 B - a scroll of enchant armour {unknown}
 C - 2 scrolls of fog
 O - 2 scrolls of magic mapping
 P - 2 scrolls of silence
 R - a scroll of noise {unknown}
 V - a scroll of summoning
 X - 2 scrolls of immolation
Potions
 e - 10 potions of curing
 k - 4 potions of brilliance
 o - 7 potions of heal wounds
 r - a potion of berserk rage
 w - a potion of resistance
 A - 2 potions of invisibility
 D - 2 potions of stabbing
 H - 4 potions of mutation
 I - 4 potions of lignification
 L - 2 potions of might
 Z - 3 potions of haste
Miscellaneous
 N - a phial of floods (inert)
Comestibles
 c - 37 rations


   Skills:
 + Level 13.1 Fighting
 * Level 4.9 Armour
 - Level 5.9 Dodging
 - Level 6.0 Stealth
 + Level 11.5 Shields
 + Level 7.4 Spellcasting
 + Level 16.1 Necromancy
 * Level 6.9 Ice Magic
 - Level 3.0 Air Magic


You had 7 spell levels left.
You knew the following spells:

 Your Spells              Type           Power        Failure   Level  Hunger
a - Freeze                Ice            ####         2%          1    None
b - Frozen Ramparts       Ice            #####.       8%          3    None
c - Sublimation of Blood  Necr           ######....   1%          2    None
d - Vampiric Draining     Necr           ######....   1%          3    None
e - Corpse Rot            Necr/Air       N/A          1%          2    None
f - Dispel Undead         Necr           ######..     1%          4    ###....
g - Death Channel         Necr           ######....   9%          6    ######.

Your spell library contained the following spells:

 Spells                   Type           Power        Failure   Level  Hunger
 Pain                     Necr           ####         1%          1    None
 Agony                    Necr           ######..     1%          5    #####..
 Ozocubu's Armour         Chrm/Ice       ####....     32%         3    None
 Sandblast                Erth           #.....       41%         1    None
 Summon Butterflies       Summ           #.......     41%         1    None
 Borgnjor's Vile Clutch   Necr/Erth      #####.....   41%         5    #####..
 Simulacrum               Ice/Necr       ######....   52%         6    ######.
 Passwall                 Tmut/Erth      #.......     56%         2    None
 Hailstorm                Conj/Ice       ####....     71%         4    ###....
 Ice Form                 Ice/Tmut       ####....     71%         4    ###....
 Summon Ice Beast         Ice/Summ       ####....     71%         4    ###....
 Call Canine Familiar     Summ           #.......     80%         3    None
 Stone Arrow              Conj/Erth      #.....       80%         3    None
 Metabolic Englaciation   Hex/Ice        ####......   96%         5    #####..
 Petrify                  Tmut/Erth      #.......     99%         4    ###....
 Ozocubu's Refrigeration  Ice            #####.....   99%         6    ######.
 Lee's Rapid Deconstruct  Erth           #.........   100%        5    #####..
 Summon Mana Viper        Hex/Summ       #.......     100%        5    #####..
 Freezing Cloud           Conj/Ice/Air   ###.......   100%        6    ######.
 Summon Hydra             Summ           #.........   100%        7    #######


Dungeon Overview and Level Annotations

Branches:
Dungeon (13/15)            Temple (1/1) D:5            Lair (6/6) D:9
  Swamp (0/4) Lair:2       Spider (0/4) Lair:3        Slime (0/5) Lair:6
    Orc (2/2) D:10          IceCv (visited)
    Elf: Orc:2       Vaults: D:13-14

Altars:
Ashenzari
Cheibriados
Dithmenos
Elyvilon
Fedhas
Gozag
Hepliaklqana
Kikubaaqudgha
Makhleb
Nemelex Xobeh
Okawaru
Qazlal
Ru
Sif Muna
Trog
Uskayaw
Vehumet
Wu Jian
Xom
Yredelemnul
Zin
The Shining One
Beogh

Shops:
D:5 !

Annotations:
D:13 Azrael
Lair:3 exclusion: oklob plant
Lair:6 1 exclusion
Orc:2 Jorgrun


Innate Abilities, Weirdness & Mutations

You have a beak for a mouth.
You have claws for feet.
You can fly continuously.


Message History

You are covered in liquid flames!
Your spectral kobold hits Azrael but does no damage.
You are covered in liquid flames!
Your spectral two-headed ogre hits Azrael but does no damage. x2
You are covered in liquid flames!
Azrael closely misses your spectral big kobold.
Your spectral kobold hits Azrael but does no damage.
Your spectral kobold barely misses Azrael.
Your spectral two-headed ogre hits Azrael.
Your spectral two-headed ogre barely misses Azrael.
You are covered in liquid flames!
* * * LOW HITPOINT WARNING * * *
Your spectral kobold hits Azrael but does no damage.
Your spectral big kobold hits Azrael.
Your spectral kobold hits Azrael but does no damage. x2
Azrael gestures at you.
The bolt of fire hits your spectral big kobold!!
The bolt of fire hits you!!!
You die...
Kikubaaqudgha rasps: "You have failed me!
Welcome... death!"

. #........# #(#.#.#
#.#........###.#)=.#
#.#≈≈......##Z÷#.#####
..ZZ......#(R##)#.[..
#RZZ....)#(###.#####
#ZZ).....(.# #......
#.(......### #######
###.###### ..
##@..##### .. #.#
#......... .. #.#
#......... #####
.######'### #.........
..... ..........#
#......... .....
..........# #.........
....! ..........#
#......^.. #......
†.........# #.........
.....^.. (.........#
###......... #.......


You could see Azrael, 4 friendly spectral kobolds, a friendly spectral big
kobold and a friendly spectral two-headed ogre.

Vanquished Creatures
  A frost giant (IceCv)
  An ettin (D:11)
  7 hydras
  A centaur warrior (D:13)
  2 catoblepae (Lair:5)
  6 two-headed ogres
  10 death yaks
  Urug (Lair:2)
  Nergalle (Lair:2)
  2 unseen horrors (D:11)
  A wizard (Lair:6)
  An ugly thing (D:11)
  3 orc knights
  A manticore (D:13)
  6 cyclopes
  14 elephants
  A centaur zombie (D:11)
  9 spiny frogs
  A gargoyle (D:12)
  2 black mambas (Lair:5)
  2 rime drakes
  3 centaur skeletons (D:13)
  7 komodo dragons
  4 polar bears
  A troll (Orc:1)
  4 hippogriffs
  2 slime creatures (Lair:6)
  4 dream sheep (Lair:5)
  16 blink frogs
  2 wyverns
  A spriggan (Lair:2)
  55 yaks
  Eustachio (D:6)
  A human (D:11)
  A vampire mosquito (D:11)
  3 basilisks
  A hungry ghost (D:11)
  2 wargs
  3 soldier ants
  A swamp worm (Lair:2)
  11 water moccasins
  An acid dragon (D:8)
  3 hell hounds (D:13)
  6 porcupines
  A hornet zombie (D:12)
  2 ice beasts
  18 orc warriors
  3 phantoms
  2 black bears
  A sky beast (D:11)
  An eye of draining (D:13)
  10 ogres
  7 centaurs
  24 wolves
  8 crocodiles
  21 bullfrogs
  4 big kobolds
  A gnoll sergeant (D:9)
  3 killer bees (D:8)
  5 scorpions
  5 wights
  2 vampire bats (Lair:2)
  3 howler monkeys
  5 jellies
  10 crimson imps
  A quasit (D:9)
  6 hounds
  4 bullfrog skeletons
  11 orc priests
  16 orc wizards
  2 iguanas
  Ijyb (D:4)
  6 worker ants
  A killer bee zombie (D:6)
  14 adders
  3 gnolls (D:9)
  2 shadow imps
  2 adder skeletons (D:6)
  4 worms
  8 leopard geckos
  81 orcs
  12 bats
  6 giant cockroaches
  13 goblins
  11 hobgoblins
  18 jackals
  7 quokkas
  4 ball pythons
  10 frilled lizards
  18 kobolds
  2 leopard gecko skeletons
  A leopard gecko zombie (D:6)
  A quokka skeleton (D:8)
  9 rats
  7 fungi (D:9)
623 creatures vanquished.

Vanquished Creatures (collateral kills)
  2 hydras (Lair:6)
  A centaur warrior (D:13)
  A cyclops (D:12)
  2 elephants (Lair:6)
  A black mamba (Lair:6)
  A centaur zombie (D:13)
  2 gargoyles
  2 spiny frogs (Lair:6)
  2 rime drakes
  3 komodo dragons (Lair:6)
  A hornet (D:13)
  2 polar bears (IceCv)
  4 blink frogs
  A hippogriff (Lair:6)
  A wyvern (Lair:6)
  8 yaks
  A fire elemental (D:13)
  2 basilisks (Lair:6)
  A hungry ghost (D:12)
  A water moccasin (Lair:6)
  4 orc warriors
  An ogre (Orc:2)
  4 wolves (IceCv)
  3 crocodiles (Lair:6)
  A bullfrog (D:12)
  A hound (D:12)
  A jelly (Lair:6)
  4 orc wizards
  7 orc priests
  13 orcs
  5 kobolds (D:13)
  A plant (Lair:6)
84 creatures vanquished.

Vanquished Creatures (others)
  7 polar bears (IceCv)
  A centaur simulacrum (D:13)
  A worker ant (D:4)
  5 kobolds (D:13)
  7 bushes
  24 fungi
  15 plants
60 creatures vanquished.

Grand Total: 767 creatures vanquished

Notes
Turn   | Place    | Note
-------+----------+-------------------------------------------
     0 | D:1      | Abmis123 the Tengu Ice Elementalist began the quest for the
                  | Orb.
     0 | D:1      | Reached XP level 1. HP: 10/10 MP: 4/4
   247 | D:1      | Reached XP level 2. HP: 16/16 MP: 3/6
   403 | D:1      | Reached skill level 1 in Fighting
   465 | D:1      | You fall into a shaft and drop 1 floor!
   647 | D:2      | Reached XP level 3. HP: 20/20 MP: 4/7
   895 | D:2      | Learned a level 3 spell: Frozen Ramparts
  1680 | D:2      | Reached XP level 4. HP: 26/26 MP: 4/8
  2081 | D:2      | Found an ancient bone altar of Kikubaaqudgha.
  2167 | D:2      | Became a worshipper of Kikubaaqudgha
  2203 | D:3      | Noticed an ice beast
  2274 | D:3      | Reached skill level 5 in Ice Magic
  2435 | D:3      | Gained mutation: You can fly continuously. [Tengu growth]
  2435 | D:3      | Reached XP level 5. HP: 30/30 MP: 9/9
  2745 | D:3      | Reached * piety under Kikubaaqudgha
  2745 | D:3      | Identified Kikubaaqudgha's Volume of Evil Rituals
                  | (Kikubaaqudgha gifted it to you on level 3 of the Dungeon)
  2745 | D:3      | Received a gift from Kikubaaqudgha
  2939 | D:4      | Found a shimmering altar of Xom.
  3127 | D:4      | Noticed Ijyb
  3133 | D:4      | Killed Ijyb
  3133 | D:4      | Reached XP level 6. HP: 36/36 MP: 4/10
  3367 | D:4      | Noticed a phantom
  3559 | D:4      | Reached skill level 1 in Necromancy
  3563 | D:4      | Learned a level 2 spell: Sublimation of Blood
  3567 | D:4      | Learned a level 3 spell: Vampiric Draining
  3753 | D:4      | Noticed a phantom
  3780 | D:4      | Killed a phantom
  3780 | D:4      | Reached skill level 2 in Necromancy
  3954 | D:4      | Reached XP level 7. HP: 41/41 MP: 12/12
  4572 | D:4      | Reached skill level 3 in Necromancy
  4851 | D:5      | Entered Level 5 of the Dungeon
  4851 | D:5      | Found an iron altar of Okawaru.
  5008 | D:3      | Reached skill level 4 in Necromancy
  5097 | D:5      | Found a staircase to the Ecumenical Temple.
  5104 | Temple   | Entered the Ecumenical Temple
  5327 | D:5      | Found Eqofij's Distillery.
  5335 | D:5      | Reached XP level 8. HP: 48/48 MP: 8/15
  5339 | D:5      | Learned a level 2 spell: Corpse Rot
  5485 | D:5      | Bought a potion of heal wounds for 65 gold pieces
  5571 | D:5      | Reached ** piety under Kikubaaqudgha
  5621 | D:5      | Reached skill level 1 in Air Magic
  5747 | D:5      | Reached skill level 5 in Fighting
  6949 | D:6      | Found a white marble altar of Elyvilon.
  7169 | D:6      | Noticed Eustachio
  7211 | D:6      | Killed Eustachio
  7211 | D:6      | Reached skill level 5 in Dodging
  7211 | D:6      | Reached XP level 9. HP: 49/55 MP: 10/16
  7292 | D:6      | Found a bloodstained altar of Trog.
  7725 | D:7      | Found an opulent altar of Gozag.
  7739 | D:7      | Reached *** piety under Kikubaaqudgha
  7739 | D:7      | Identified Kikubaaqudgha's Compendium of Evil Rites
                  | (Kikubaaqudgha gifted it to you on level 7 of the Dungeon)
  7739 | D:7      | Received a gift from Kikubaaqudgha
  8162 | D:7      | Found a burning altar of Makhleb.
  8223 | D:8      | Noticed a hornet
  8224 | D:8      | a hornet changed into an acid dragon
  8627 | D:8      | Reached skill level 5 in Necromancy
  8726 | D:8      | Found a stormy altar of Qazlal.
  8793 | D:8      | Reached skill level 5 in Stealth
  9011 | D:8      | Noticed a two-headed ogre
  9458 | D:9      | Reached skill level 1 in Shields
  9536 | D:9      | Reached skill level 6 in Necromancy
  9795 | D:9      | Reached XP level 10. HP: 23/63 MP: 8/17
 10061 | D:9      | Found a shadowy altar of Dithmenos.
 10068 | D:9      | Noticed a two-headed ogre
 10379 | D:9      | Killed a two-headed ogre
 10379 | D:9      | Reached skill level 7 in Necromancy
 10449 | D:9      | Found a staircase to the Lair.
 10614 | D:9      | Found a basalt altar of Yredelemnul.
 10617 | D:9      | Found a glowing golden altar of the Shining One.
 10940 | D:9      | Found a blossoming altar of Fedhas.
 11029 | D:9      | Found a snail-covered altar of Cheibriados.
 11220 | Lair:1   | Entered Level 1 of the Lair of Beasts
 11280 | Lair:1   | Reached skill level 8 in Necromancy
 11288 | Lair:1   | Learned a level 4 spell: Dispel Undead
 11577 | Lair:1   | Got a bloodstained ring mail
 11597 | Lair:1   | Identified the +3 ring mail "Gitymm" {rC+ Str+4} (You found
                  | it on level 1 of the Lair of Beasts)
 11823 | Lair:1   | Reached skill level 5 in Shields
 12104 | Lair:1   | Reached **** piety under Kikubaaqudgha
 12104 | Lair:1   | Reached XP level 11. HP: 69/71 MP: 15/18
 12735 | Lair:2   | Noticed a death yak
 13085 | Lair:2   | Noticed Urug
 13156 | Lair:2   | Killed Urug
 13156 | Lair:2   | Reached skill level 9 in Necromancy
 13320 | Lair:2   | Noticed a death yak
 13790 | Lair:2   | Noticed a death yak
 13794 | Lair:2   | Noticed a death yak
 13795 | Lair:2   | Noticed a death yak
 13797 | Lair:2   | Noticed a death yak
 13798 | Lair:2   | Noticed a death yak
 13809 | Lair:2   | Killed a death yak
 14029 | Lair:2   | Killed a death yak
 14029 | Lair:2   | Reached skill level 10 in Necromancy
 14219 | Lair:2   | Killed a death yak
 14219 | Lair:2   | Reached skill level 10 in Fighting
 14313 | Lair:2   | Killed a death yak
 14828 | Lair:2   | Noticed a death yak
 14833 | Lair:2   | Noticed a death yak
 14836 | Lair:2   | Noticed a death yak
 14862 | Lair:2   | Killed a death yak
 14862 | Lair:2   | Reached XP level 12. HP: 55/78 MP: 4/19
 14929 | Lair:1   | Killed a death yak
 14929 | Lair:1   | Reached skill level 11 in Necromancy
 15208 | Lair:1   | Killed a death yak
 15430 | Lair:1   | Killed a death yak
 15787 | Lair:2   | Noticed Nergalle
 15876 | Lair:2   | Killed Nergalle
 15892 | Lair:2   | Noticed an eight-headed hydra
 15926 | Lair:2   | Killed an eight-headed hydra
 16166 | Lair:2   | You are sucked into a shaft and drop 2 floors!
 16243 | Lair:3   | Reached skill level 12 in Necromancy
 16494 | Lair:2   | Noticed a six-headed hydra
 16980 | Lair:2   | Killed a six-headed hydra
 17145 | Lair:2   | Killed a death yak
 17561 | Lair:2   | Found a staircase to the Swamp.
 17666 | Lair:2   | Killed a death yak
 17857 | Lair:3   | Noticed a five-headed hydra
 18429 | Lair:3   | Noticed a five-headed hydra
 18476 | Lair:3   | Killed a five-headed hydra
 18476 | Lair:3   | Reached skill level 13 in Necromancy
 18476 | Lair:3   | Reached XP level 13. HP: 84/84 MP: 10/20
 18585 | Lair:3   | Found a hole to the Spider Nest.
 20993 | Lair:5   | Reached ***** piety under Kikubaaqudgha
 21842 | Lair:5   | Reached skill level 14 in Necromancy
 22011 | Lair:5   | Reached skill level 10 in Shields
 22388 | Lair:6   | Entered Level 6 of the Lair of Beasts
 22800 | Lair:5   | Reached skill level 5 in Spellcasting
 22928 | Lair:5   | Learned a level 6 spell: Death Channel
 23860 | Lair:5   | Reached XP level 14. HP: 87/92 MP: 23/23
 24152 | Lair:6   | Reached skill level 15 in Necromancy
 24875 | Lair:6   | Found a staircase to the Slime Pits.
 25753 | Lair:3   | Reached ****** piety under Kikubaaqudgha
 26279 | D:10     | Entered Level 10 of the Dungeon
 26370 | D:10     | Got a distressingly furry scale mail
 26394 | D:9      | Identified the +10 scale mail of Hangman {Int+6} (You found
                  | it on level 10 of the Dungeon)
 26494 | D:10     | Found a staircase to the Orcish Mines.
 27552 | D:11     | Found a frozen archway.
 27598 | IceCv    | Entered an ice cave
 27750 | IceCv    | Got an encrusted short sword
 28313 | IceCv    | Got a scorched mace
 28473 | IceCv    | Noticed a frost giant
 28894 | IceCv    | Killed a frost giant
 28980 | IceCv    | Identified the Guide on the Frostbite
 28997 | IceCv    | Identified the +8 short sword of Sistrileli {freeze, *Noise
                  | rC++ Dex+2} (You found it in an ice cave)
 28998 | IceCv    | Identified the +3 mace "Oshrosm" {venom, Dex+3} (You found
                  | it in an ice cave)
 29561 | D:11     | Got an ichor-stained quarterstaff
 29562 | D:11     | Identified the +3 quarterstaff of Cocytus {pain, Int+4
                  | Stlth+} (You found it on level 11 of the Dungeon)
 29794 | D:11     | Reached skill level 1 in Armour
 31288 | Orc:1    | Entered Level 1 of the Orcish Mines
 31579 | Orc:2    | Entered Level 2 of the Orcish Mines
 31701 | Orc:2    | Reached XP level 15. HP: 75/98 MP: 13/26
 32142 | Orc:2    | Reached skill level 16 in Necromancy
 32363 | Orc:2    | Noticed Jorgrun
 33183 | D:12     | Found a roughly hewn altar of Beogh.
 34573 | D:13     | Noticed Azrael
 35090 | D:13     | Killed from afar by Azrael

Illustrated notes

Levels and vault maps discovered:
D:1:      dpeg_arrival_arbitrary_c, layout_basic, minmay_tree_intersection,
          hangedman_decor_growths
D:2:      cheibrodos_old_hovel, layout_rooms, kiku_gazebo_garden_becter
D:3:      layout_rooms
D:4:      layout_basic, xom_confusion_cloud, first_ration, uniq_ijyb
D:5:      layout_basic, okawaru_metal_pillars_3, minmay_temple_entry_arrows,
          serial_shops, shop
D:6:      layout_rooms, bloody_trog, minmay_ruined_shrine, uniq_eustachio
D:7:      layout_cave_pools, lightli_temple_of_fire,
          nicolae_overflow_crystal_walls
D:8:      layout_gridville, lemuel_crystal_altar
D:9:      layout_basic, cheibrodos_worm_habitat, nicolae_overflow_hidden_temple,
          dpeg_oklobed_lair
D:10:     layout_loops_ring, hiddenorc2_lemuel
D:11:     layout_loops_ring, portal_ice_cave_entry_pillars_1, grunt_pizzeria,
          st_stairs_1, minmay_evil_grid
D:12:     layout_roguey [special_room_orc]
D:13:     layout_roguey, basic_altar, item_on_display_a, uniq_azrael
Temple:   zaba_magenta_temple
Lair:1:   layout_gridlike
Lair:2:   layout_regular_city, minmay_swamp_entry_worms, minivault_11,
          roderic_batcave, grunt_forest_large_clearing_hut, uniq_nergalle,
          uniq_urug
Lair:3:   layout_regular_city, dummy_spider_entry, small_statue_intersection,
          minmay_lair_oklob_chamber
Lair:4:   layout_gridlike
Lair:5:   layout_misc_corridors
Lair:6:   evil_forest, layout_regular_city, minmay_slime_entry_pillars,
          grunt_megastairs_3
Orc:1:    layout_caves, uniq_harold
Orc:2:    grunt_orc_tribal_feast, layout_diamond_mine, uniq_jorgrun

Skill      XL: |  1  2  3  4  5  6  7  8  9 10 11 12 13 14 15 |
---------------+----------------------------------------------+-----
Ice Magic      | 4 5 6 |  6.9
Fighting       | 1 2 3 4 6 7 9 10 11 12 13 | 13.1
Necromancy     | 2 4 6 8 10 13 14 15 16 | 16.1
Spellcasting   | 3 4 5 7 |  7.4
Air Magic      | 3 |  3.0
Dodging        | 5 |  5.9
Stealth        | 4 5 6 |  6.0
Shields        | 1 5 7 9 10 11 | 11.5
Armour         | 2 4 |  4.9

Action                   |  1- 3 |  4- 6 |  7- 9 | 10-12 | 13-15 || total
-------------------------+-------+-------+-------+-------+-------++-------
Melee: Trident           |       |       |       |    33 |       ||    33
       Kick              |       |       |       |    14 |   175 ||   189
       Peck              |       |       |       |     7 |   114 ||   121
       Mace              |       |       |       |       |   378 ||   378
       Great mace        |       |       |       |       |    98 ||    98
 Fire: Hunting sling     |    61 |   147 |   275 |   336 |   584 ||  1403
Throw: Dart              |       |       |     1 |     7 |       ||     8
 Cast: Freeze            |    39 |    32 |    43 |    67 |   123 ||   304
       Frozen Ramparts   |       |     5 |    54 |   127 |   144 ||   330
       Vampiric Draining |       |       |     1 |    47 |    66 ||   114
       Corpse Rot        |       |       |     2 |       |     2 ||     4
       Sublimation of Bl |       |       |       |    16 |     1 ||    17
       Death Channel     |       |       |       |       |    44 ||    44
       Dispel Undead     |       |       |       |       |     3 ||     3
 Abil: Fly               |       |     1 |       |       |       ||     1
Evoke: Wand              |       |       |    15 |     6 |    18 ||    39
       Phial of floods   |       |       |       |     1 |     3 ||     4
  Use: Scroll            |       |     6 |     7 |     6 |     7 ||    26
 Stab: Sleeping          |       |       |       |       |     3 ||     3
       Distracted        |       |       |       |       |     8 ||     8
  Eat: Chunk             |     3 |     8 |    15 |    30 |    74 ||   130
       Ration            |       |       |     2 |     3 |     2 ||     7
Armor: Robe              |     5 |     4 |       |       |       ||     9
       Swamp dragon scal |       |       |    60 |   131 |   149 ||   340
       Scale mail        |       |       |       |       |   359 ||   359
Dodge: Dodged            |    20 |    20 |   127 |   175 |   704 ||  1046
Block: Buckler           |       |       |     3 |    28 |       ||    31
       Kite shield       |       |       |       |       |   320 ||   320
